General information
- name: BNet
- type: Ladder team game (AT/RT)
- host: Battle.net
- saver: Chopstix
map: SunrockCove
- players: 6
- length: 127:40
- speed: Fast
- version: 1.21 W3XP
- replay type: Public
» download(674 KB)
Players
team 1 (loser)
Party.ComesEast (
teal | 43 APM | 5413 actions | 124:53)
6 Demon Hunter
3 Mana Burn
2 Evasion
1 Metamorphosis
» actions
| Assign group hotkey | 1 | |
| Basic commands | 12 | |
| Build / train | 87 | |
| Enter build submenu | 33 | |
| Enter hero's abilities submenu | 6 | |
| Give item / drop item | 1 | |
| Remove unit from queue | 15 | |
| Right click | 3373 | |
| Select / deselect | 1578 | |
| Use ability | 306 | |
5413 total
» units
| Wisp | 24 | |
| Huntress | 1 | |
| Glaive Thrower | 16 | |
| Meatwagon | 3 | |
| Frost Wyrm | 10 | |
| Crypt Fiend | 3 | |
| Goblin Zeppelin | 1 | |
58 total
» upgrades
| Strength of the Moon | 1 | |
| Druid of the Talon Training | 0 | |
1 total
» buildings
| Altar of Elders | 3 | |
| Moon Well | 6 | |
| Hunter's Hall | 1 | |
| Ancient of War | 3 | |
| Ancient Protector | 4 | |
| Tree of Life | 3 | |
| Tree of Ages | 1 | |
| Tree of Eternity | 1 | |
| Ancient of Wind | 2 | |
| Ancient of Wonders | 1 | |
| Ziggurat | 4 | |
29 total
» build order
00:09 Altar of Elders
00:14 Altar of Elders
00:25 Moon Well
00:53 Hunter's Hall
01:27 Ancient of War
02:03 Moon Well
04:11 Ancient of War
04:20 Ancient of War
05:11 Ancient Protector
05:17 Ancient Protector
06:30 Ancient Protector
07:15 Moon Well
08:41 Moon Well
09:54 Ancient Protector
11:21 Moon Well
11:48 Moon Well
25:59 Tree of Life
35:56 Tree of Life
42:43 Tree of Life
44:14 Tree of Ages
47:30 Tree of Eternity
47:44 Ancient of Wind
48:57 Ancient of Wonders
49:38 Ancient of Wind
70:34 Ziggurat
72:21 Ziggurat
76:26 Ziggurat
76:27 Ziggurat
107:25 Altar of Elders
» items
| Potion of Lesser Invulnerability | 1 | |
| Staff of Teleportation | 1 | |
| Scroll of Healing | 1 | |
| Boots of Speed | 1 | |
| Orb of Venom | 1 | |
| Dust of Appearance | 1 | |
6 total
Sir-CuMmA-LoT (
yellow | 72 APM | 2206 actions | 30:50)
6 Death Knight
2 Death Coil
3 Unholy Aura
1 Animate Dead
» actions
| Assign group hotkey | 65 | |
| Basic commands | 9 | |
| Build / train | 62 | |
| ESC pressed | 1 | |
| Enter build submenu | 27 | |
| Enter hero's abilities submenu | 9 | |
| Right click | 1417 | |
| Select / deselect | 328 | |
| Select group hotkey | 220 | |
| Use ability | 68 | |
2206 total
» units
| Acolyte | 6 | |
| Ghoul | 5 | |
| Crypt Fiend | 8 | |
| Obsidian Statue | 2 | |
| Gargoyle | 2 | |
| Frost Wyrm | 1 | |
| Meatwagon | 9 | |
33 total
» upgrades
| Creature Attack | 2 | |
| Web | 1 | |
| Destroyer Form | 1 | |
| Creature Carapace | 2 | |
| Exhume Corpses | 1 | |
| Unholy Strength | 2 | |
| Freezing Breath | 1 | |
| Unholy Armor | 1 | |
11 total
» buildings
| Graveyard | 1 | |
| Crypt | 4 | |
| Ziggurat | 8 | |
| Altar of Darkness | 1 | |
| Tomb of Relics | 1 | |
| Nerubian Tower | 1 | |
| Halls of the Dead | 4 | |
| Black Citadel | 1 | |
| Slaughterhouse | 2 | |
| Sacrificial Pit | 1 | |
| Boneyard | 1 | |
| Necropolis | 1 | |
26 total
» build order
00:15 Graveyard
00:18 Crypt
00:37 Ziggurat
01:28 Altar of Darkness
01:48 Tomb of Relics
02:19 Crypt
02:23 Ziggurat
02:38 Crypt
02:39 Crypt
03:17 Nerubian Tower
04:47 Halls of the Dead
04:47 Halls of the Dead
04:47 Halls of the Dead
05:20 Ziggurat
08:19 Black Citadel
08:36 Slaughterhouse
09:32 Ziggurat
10:48 Sacrificial Pit
11:52 Boneyard
12:31 Ziggurat
14:50 Ziggurat
14:58 Ziggurat
15:01 Ziggurat
15:27 Slaughterhouse
29:29 Necropolis
» items
| Dust of Appearance | 2 | |
| Rod of Necromancy | 2 | |
| Scroll of Speed | 1 | |
5 total

»
Wkh_PorN)StaR( (
blue | 52 APM | 6696 actions | 127:39)
10 Far Seer
3 Feral Spirit
3 Chain Lighting
1 Earth Quake
3 Far Sight
2 Death Knight
1 Death Coil
1 Death Pact
» actions
| Basic commands | 360 | |
| Build / train | 157 | |
| Enter build submenu | 78 | |
| Enter hero's abilities submenu | 13 | |
| Give item / drop item | 4 | |
| Remove unit from queue | 2 | |
| Right click | 3796 | |
| Select / deselect | 1802 | |
| Use ability | 482 | |
6696 total
» units
| Peon | 32 | |
| Grunt | 6 | |
| Wind Rider | 35 | |
| Shaman | 18 | |
| Troll Witch Doctor | 8 | |
| Crypt Fiend | 5 | |
| Goblin Shredder | 1 | |
| Goblin Zeppelin | 1 | |
| Troll Headhunter/Berserker | 2 | |
| Kodo Beast | 1 | |
| Demolisher | 2 | |
111 total
» upgrades
| Envenomed Spears | 1 | |
| Shaman Training | 2 | |
| Witch Doctor Training | 2 | |
| Burning Oil | 1 | |
| Reinforced Defenses | 1 | |
| Troll Regeneration | 1 | |
| Berserker Upgrade | 1 | |
| Spiked Barricades | 2 | |
11 total
» buildings
| Altar of Storms | 1 | |
| Orc Burrow | 14 | |
| Barracks | 2 | |
| Voodoo Lounge | 2 | |
| Stronghold | 3 | |
| Great Hall | 10 | |
| War Mill | 2 | |
| Fortress | 2 | |
| Beastiary | 2 | |
| Spirit Lodge | 2 | |
| Watch Tower | 36 | |
| Moon Well | 1 | |
77 total
» build order
00:17 Altar of Storms
00:24 Orc Burrow
01:19 Barracks
01:38 Orc Burrow
02:09 Barracks
02:26 Orc Burrow
04:15 Voodoo Lounge
04:23 Orc Burrow
05:10 Stronghold
06:54 Great Hall
07:23 War Mill
09:29 Fortress
09:33 Beastiary
09:36 Beastiary
12:48 Spirit Lodge
12:51 Spirit Lodge
14:20 Orc Burrow
14:57 Great Hall
15:05 Orc Burrow
19:56 Stronghold
19:58 Stronghold
22:17 Fortress
29:02 Orc Burrow
31:00 War Mill
31:16 Great Hall
31:57 Great Hall
32:59 Orc Burrow
33:03 Orc Burrow
36:09 Watch Tower
36:10 Watch Tower
36:11 Watch Tower
36:13 Watch Tower
36:15 Watch Tower
36:16 Watch Tower
36:19 Watch Tower
36:21 Watch Tower
37:34 Great Hall
52:22 Watch Tower
52:24 Watch Tower
52:32 Great Hall
52:34 Watch Tower
53:30 Watch Tower
54:04 Watch Tower
54:39 Watch Tower
54:52 Watch Tower
56:29 Watch Tower
56:31 Watch Tower
56:34 Watch Tower
56:37 Watch Tower
56:41 Watch Tower
58:09 Great Hall
61:35 Watch Tower
61:51 Voodoo Lounge
62:16 Watch Tower
62:21 Watch Tower
62:24 Watch Tower
62:27 Watch Tower
62:58 Watch Tower
63:00 Watch Tower
63:04 Watch Tower
63:06 Watch Tower
79:01 Watch Tower
79:05 Great Hall
80:26 Watch Tower
80:28 Watch Tower
80:30 Watch Tower
80:32 Watch Tower
88:08 Great Hall
88:13 Watch Tower
88:15 Watch Tower
91:23 Orc Burrow
91:26 Orc Burrow
91:29 Orc Burrow
91:57 Orc Burrow
92:01 Orc Burrow
102:52 Great Hall
126:27 Moon Well
» items
| Healing Salve | 2 | |
| Lesser Clarity Potion | 2 | |
| Scroll of Speed | 1 | |
| Scroll of Town Portal | 8 | |
| Potion of Mana | 1 | |
14 total
team 2 (winner)
Chopstix (
pink | 44 APM | 5646 actions | 127:40)
7 Blood Mage
3 Flame Strike
3 Siphon Mana
1 Summon Phoenix
8 Goblin Alchemist
3 Acid Bomb
3 Chemical Rage
1 Transmute
1 Healing Spray
1 Paladin
1 Resurrection
» actions
| Assign group hotkey | 26 | |
| Basic commands | 179 | |
| Build / train | 197 | |
| ESC pressed | 8 | |
| Enter build submenu | 132 | |
| Enter hero's abilities submenu | 17 | |
| Give item / drop item | 20 | |
| Remove unit from queue | 6 | |
| Right click | 2601 | |
| Select / deselect | 915 | |
| Select group hotkey | 962 | |
| Use ability | 583 | |
5646 total
» units
| Peasant | 20 | |
| Mortar Team | 8 | |
| Sorceress | 3 | |
| Goblin Zeppelin | 4 | |
| Priest | 1 | |
| Goblin Shredder | 1 | |
| Dragonhawk Rider | 8 | |
| Goblin Sapper | 2 | |
47 total
» upgrades
| Masonry | 3 | |
| Lumber Harvesting | 2 | |
| Sorceress Training | 2 | |
| Gunpowder | 3 | |
| Flare | 1 | |
| Magic Sentry | 1 | |
| Armor | 3 | |
| Cloud | 1 | |
16 total
» buildings
| Altar of Kings | 2 | |
| Farm | 19 | |
| Lumber Mill | 6 | |
| Scout Tower | 103 | |
| Arcane Tower | 3 | |
| Arcane Vault | 2 | |
| Guard Tower | 63 | |
| Keep | 3 | |
| Blacksmith | 2 | |
| Workshop | 2 | |
| Arcane Sanctum | 2 | |
| Town Hall | 2 | |
| Castle | 2 | |
| Gryphon Aviary | 2 | |
213 total
» build order
00:11 Altar of Kings
00:17 Farm
00:24 Lumber Mill
01:17 Scout Tower
01:35 Scout Tower
01:40 Farm
01:47 Arcane Tower
01:59 Arcane Vault
02:22 Scout Tower
02:41 Scout Tower
02:58 Guard Tower
02:58 Guard Tower
03:00 Scout Tower
03:14 Guard Tower
03:16 Scout Tower
03:55 Keep
03:57 Guard Tower
04:06 Scout Tower
04:18 Guard Tower
04:21 Scout Tower
04:23 Scout Tower
04:29 Blacksmith
04:48 Guard Tower
04:48 Guard Tower
04:52 Guard Tower
05:23 Scout Tower
05:53 Guard Tower
05:56 Scout Tower
06:27 Workshop
06:33 Arcane Sanctum
06:36 Guard Tower
06:49 Workshop
06:53 Farm
07:42 Farm
08:25 Farm
10:22 Farm
11:03 Farm
12:32 Town Hall
13:02 Castle
13:31 Scout Tower
13:33 Scout Tower
13:36 Farm
15:12 Guard Tower
15:14 Scout Tower
15:46 Scout Tower
15:47 Guard Tower
15:47 Guard Tower
27:12 Scout Tower
27:14 Scout Tower
27:15 Scout Tower
27:17 Scout Tower
27:43 Guard Tower
27:45 Guard Tower
27:49 Scout Tower
27:52 Scout Tower
27:54 Scout Tower
27:56 Scout Tower
28:24 Guard Tower
28:28 Guard Tower
28:54 Scout Tower
28:54 Scout Tower
28:55 Scout Tower
29:28 Guard Tower
29:31 Scout Tower
29:32 Scout Tower
29:33 Scout Tower
30:31 Guard Tower
30:38 Lumber Mill
32:28 Lumber Mill
32:41 Lumber Mill
32:48 Scout Tower
32:50 Scout Tower
32:52 Scout Tower
32:55 Guard Tower
32:57 Scout Tower
32:58 Scout Tower
33:01 Scout Tower
33:01 Scout Tower
33:02 Scout Tower
33:33 Scout Tower
33:36 Scout Tower
34:01 Guard Tower
34:05 Scout Tower
34:08 Scout Tower
34:11 Scout Tower
34:15 Guard Tower
34:42 Scout Tower
35:42 Guard Tower
35:45 Scout Tower
35:47 Scout Tower
36:04 Town Hall
36:28 Scout Tower
36:51 Guard Tower
36:57 Guard Tower
37:55 Scout Tower
37:57 Guard Tower
38:45 Guard Tower
39:01 Scout Tower
39:06 Keep
39:27 Scout Tower
39:38 Scout Tower
39:42 Scout Tower
40:21 Scout Tower
40:39 Guard Tower
40:42 Guard Tower
40:44 Scout Tower
41:03 Scout Tower
41:07 Scout Tower
41:32 Guard Tower
41:35 Scout Tower
41:37 Scout Tower
41:41 Guard Tower
41:42 Scout Tower
41:49 Scout Tower
41:55 Guard Tower
41:58 Guard Tower
42:00 Scout Tower
42:42 Guard Tower
42:47 Scout Tower
42:53 Scout Tower
43:14 Guard Tower
43:16 Scout Tower
43:26 Guard Tower
43:48 Guard Tower
43:49 Scout Tower
43:51 Scout Tower
44:05 Lumber Mill
44:44 Scout Tower
45:15 Scout Tower
45:24 Guard Tower
45:26 Scout Tower
45:29 Guard Tower
45:31 Scout Tower
45:45 Keep
46:00 Guard Tower
46:04 Scout Tower
46:07 Scout Tower
46:22 Scout Tower
46:24 Scout Tower
46:25 Scout Tower
46:28 Scout Tower
46:30 Guard Tower
47:15 Guard Tower
47:18 Scout Tower
47:19 Guard Tower
47:26 Scout Tower
47:26 Scout Tower
47:30 Scout Tower
47:31 Scout Tower
47:32 Scout Tower
48:22 Guard Tower
48:24 Arcane Sanctum
48:31 Scout Tower
48:53 Guard Tower
48:55 Scout Tower
48:58 Guard Tower
48:59 Scout Tower
50:09 Scout Tower
50:11 Scout Tower
50:12 Scout Tower
50:15 Guard Tower
50:17 Scout Tower
50:29 Lumber Mill
51:01 Guard Tower
51:04 Scout Tower
51:08 Guard Tower
51:11 Scout Tower
52:41 Guard Tower
54:42 Guard Tower
54:45 Scout Tower
54:46 Scout Tower
54:54 Scout Tower
55:08 Guard Tower
55:14 Guard Tower
55:18 Scout Tower
55:19 Scout Tower
55:45 Guard Tower
55:48 Scout Tower
56:15 Guard Tower
56:22 Guard Tower
56:39 Gryphon Aviary
56:53 Altar of Kings
57:43 Scout Tower
57:44 Scout Tower
58:27 Castle
58:32 Gryphon Aviary
59:00 Guard Tower
59:04 Scout Tower
59:05 Scout Tower
59:34 Guard Tower
59:36 Farm
59:40 Farm
60:40 Guard Tower
61:43 Arcane Vault
62:27 Farm
63:17 Farm
63:18 Farm
63:19 Farm
63:29 Blacksmith
65:07 Farm
66:53 Farm
66:54 Farm
66:54 Farm
66:55 Farm
75:24 Scout Tower
118:55 Scout Tower
119:56 Arcane Tower
119:57 Scout Tower
120:47 Arcane Tower
» items
| Lesser Clarity Potion | 9 | |
| Mechanical Critter | 8 | |
| Potion of Healing | 2 | |
| Potion of Mana | 2 | |
| Scroll of Town Portal | 9 | |
| Scroll of Regeneration | 2 | |
| Staff of Teleportation | 2 | |
| Boots of Speed | 2 | |
| Tiny Great Hall | 1 | |
| Orb of Lightning | 1 | |
| Healing Salve | 1 | |
39 total
iggy_the_fisk (
orange | 68 APM | 8663 actions | 127:39)
7 Archmage
3 Blizzard
3 Brilliance Aura
1 Mass Teleport
6 Blood Mage
2 Flame Strike
2 Siphon Mana
1 Banish
1 Summon Phoenix
5 Paladin
3 Holy Light
2 Divine Shield
» actions
| Assign group hotkey | 42 | |
| Basic commands | 20 | |
| Build / train | 131 | |
| Enter build submenu | 64 | |
| Enter hero's abilities submenu | 18 | |
| Give item / drop item | 7 | |
| Remove unit from queue | 1 | |
| Right click | 4897 | |
| Select / deselect | 1218 | |
| Select group hotkey | 1752 | |
| Use ability | 511 | |
8663 total
» units
» upgrades
| Masonry | 3 | |
| Lumber Harvesting | 2 | |
5 total
» buildings
| Altar of Kings | 3 | |
| Farm | 7 | |
| Lumber Mill | 1 | |
| Scout Tower | 55 | |
| Arcane Vault | 1 | |
| Guard Tower | 32 | |
| Keep | 1 | |
| Castle | 1 | |
| Town Hall | 2 | |
103 total
» build order
00:04 Altar of Kings
00:24 Farm
00:47 Lumber Mill
01:06 Farm
01:28 Scout Tower
01:45 Arcane Vault
01:53 Scout Tower
02:00 Guard Tower
02:02 Scout Tower
02:23 Scout Tower
02:38 Guard Tower
02:38 Guard Tower
02:41 Scout Tower
02:42 Scout Tower
03:04 Guard Tower
03:10 Guard Tower
03:27 Scout Tower
03:31 Scout Tower
03:32 Scout Tower
03:36 Scout Tower
03:37 Scout Tower
03:58 Guard Tower
04:06 Guard Tower
04:17 Scout Tower
04:18 Scout Tower
04:32 Keep
04:54 Guard Tower
05:02 Farm
05:13 Guard Tower
05:27 Scout Tower
05:28 Scout Tower
06:00 Guard Tower
06:19 Guard Tower
06:23 Scout Tower
06:24 Scout Tower
06:25 Scout Tower
06:26 Scout Tower
07:36 Guard Tower
08:06 Guard Tower
09:13 Scout Tower
09:43 Guard Tower
09:46 Scout Tower
09:47 Scout Tower
09:49 Scout Tower
09:50 Scout Tower
10:00 Scout Tower
10:02 Scout Tower
10:24 Guard Tower
10:53 Guard Tower
10:56 Scout Tower
11:05 Castle
11:12 Scout Tower
11:12 Scout Tower
11:14 Guard Tower
11:26 Scout Tower
11:32 Scout Tower
11:47 Guard Tower
12:17 Guard Tower
12:42 Guard Tower
13:11 Scout Tower
13:32 Scout Tower
13:33 Scout Tower
13:36 Scout Tower
14:06 Scout Tower
14:19 Guard Tower
15:27 Guard Tower
16:41 Town Hall
17:13 Scout Tower
17:14 Scout Tower
17:14 Scout Tower
17:15 Scout Tower
17:24 Scout Tower
17:25 Scout Tower
17:27 Scout Tower
17:28 Scout Tower
17:47 Guard Tower
17:52 Guard Tower
18:23 Guard Tower
18:28 Scout Tower
19:17 Guard Tower
19:18 Scout Tower
19:22 Scout Tower
19:35 Scout Tower
19:36 Scout Tower
19:38 Scout Tower
20:02 Guard Tower
20:06 Scout Tower
20:27 Guard Tower
21:03 Guard Tower
23:00 Guard Tower
23:36 Scout Tower
27:13 Scout Tower
27:19 Scout Tower
27:20 Scout Tower
27:50 Guard Tower
28:19 Guard Tower
35:35 Altar of Kings
35:37 Farm
36:17 Farm
36:23 Farm
66:25 Altar of Kings
66:29 Farm
93:22 Town Hall
» items
| Scroll of Regeneration | 11 | |
| Lesser Clarity Potion | 4 | |
| Boots of Speed | 2 | |
| Staff of Sanctuary | 3 | |
| Orb of Fire | 1 | |
| Scroll of Town Portal | 6 | |
| Staff of Teleportation | 3 | |
30 total
VELOX_NEB (
green | 52 APM | 6645 actions | 127:39)
10 Blademaster
3 Wind Walk
3 Critical Strike
1 Bladestorm
3 Mirror Image
1 Shadow Hunter
1 Serpent Ward
» actions
| Assign group hotkey | 65 | |
| Basic commands | 587 | |
| Build / train | 151 | |
| ESC pressed | 4 | |
| Enter build submenu | 98 | |
| Enter hero's abilities submenu | 11 | |
| Give item / drop item | 11 | |
| Remove unit from queue | 5 | |
| Right click | 3924 | |
| Select / deselect | 997 | |
| Select group hotkey | 411 | |
| Use ability | 381 | |
6645 total
» units
» upgrades
| Spiked Barricades | 1 | |
| Ranged Weapons | 3 | |
| Liquid Fire | 1 | |
5 total
» buildings
| Altar of Storms | 2 | |
| Orc Burrow | 8 | |
| War Mill | 2 | |
| Watch Tower | 67 | |
| Voodoo Lounge | 2 | |
| Stronghold | 2 | |
| Great Hall | 5 | |
| Beastiary | 4 | |
| Fortress | 2 | |
94 total
» build order
00:09 Altar of Storms
00:21 Orc Burrow
00:30 War Mill
01:44 Watch Tower
02:04 Watch Tower
02:09 Watch Tower
02:24 Watch Tower
02:43 Watch Tower
03:03 Orc Burrow
03:05 Voodoo Lounge
03:46 Watch Tower
03:49 Watch Tower
04:22 Watch Tower
04:31 Watch Tower
04:52 Watch Tower
04:58 Watch Tower
05:30 Watch Tower
05:48 Watch Tower
05:50 Watch Tower
06:15 Watch Tower
06:25 Watch Tower
06:28 Watch Tower
06:46 Watch Tower
06:59 Watch Tower
07:15 Watch Tower
07:52 Watch Tower
08:08 Stronghold
08:20 Watch Tower
09:41 Orc Burrow
09:44 Watch Tower
10:26 Watch Tower
10:27 Watch Tower
10:35 Great Hall
10:41 Watch Tower
10:43 Watch Tower
10:50 Watch Tower
12:00 Beastiary
12:07 Watch Tower
12:09 Watch Tower
12:11 Watch Tower
12:25 Watch Tower
12:47 Watch Tower
14:38 Watch Tower
14:42 Beastiary
17:35 Fortress
20:41 Great Hall
20:43 Watch Tower
20:44 Watch Tower
20:45 Watch Tower
20:46 Watch Tower
20:47 Watch Tower
20:48 Watch Tower
20:55 Great Hall
21:21 Orc Burrow
21:24 Watch Tower
21:25 Watch Tower
21:25 Watch Tower
21:26 Watch Tower
21:27 Watch Tower
21:30 Watch Tower
22:39 Watch Tower
22:40 Watch Tower
26:05 Watch Tower
26:05 Watch Tower
26:11 Watch Tower
26:12 Watch Tower
26:13 Watch Tower
26:13 Watch Tower
32:42 Great Hall
35:01 Great Hall
35:24 Watch Tower
35:25 Watch Tower
35:26 Watch Tower
35:27 Watch Tower
35:42 Watch Tower
35:44 Watch Tower
39:39 Beastiary
39:52 Beastiary
41:12 Watch Tower
41:54 War Mill
43:12 Voodoo Lounge
43:14 Stronghold
43:25 Watch Tower
44:32 Watch Tower
44:36 Watch Tower
45:55 Altar of Storms
46:05 Watch Tower
48:27 Orc Burrow
48:43 Fortress
48:49 Watch Tower
49:23 Orc Burrow
49:27 Orc Burrow
50:26 Orc Burrow
50:34 Watch Tower
» items
| Boots of Speed | 1 | |
| Healing Salve | 7 | |
| Lesser Clarity Potion | 21 | |
| Scroll of Speed | 1 | |
| Staff of Teleportation | 1 | |
| Potion of Healing | 3 | |
| Scroll of Regeneration | 1 | |
| Orb of Lightning | 2 | |
| Potion of Mana | 1 | |
| Scroll of Town Portal | 4 | |
42 total
Chat log
(00:12 / Allies) VELOX_NEB: base?
(00:14 / Allies) iggy_the_fisk: yea
(00:17 / Allies) VELOX_NEB: yeah not good
(00:29 / Allies) Chopstix: this map is pretty easy to backdoor bat
(00:34 / Allies) iggy_the_fisk: ¨dragonblight is good you can thumb it up
(00:43 / Allies) Chopstix: man i need a new phone anyone got any new cell phones?
(01:03 / Allies) iggy_the_fisk: mine is 4 years old it makes phonecalls and is really small it rules
(01:06 / Allies) VELOX_NEB: not a cell phone aficianado, sorry
(02:34 / Allies) iggy_the_fisk: manaburn me idiot
(02:35 / Allies) iggy_the_fisk: there you go
(02:49 / Allies) iggy_the_fisk: dual racks
(02:52 / Allies) iggy_the_fisk: hella t1
(05:01 / All) Chopstix: wait
(05:02 / All) Chopstix: come back
(05:11 / All) Chopstix: sup
(05:47 / Allies) Chopstix: weak orc
(05:48 / Allies) iggy_the_fisk: red grunt
(09:31 / Allies) iggy_the_fisk: go expand now
(10:41 / All) Chopstix: lawl niub
(11:27 / Allies) Chopstix: im jumping them with milita
(12:44 / Allies) Chopstix: invis morting hold them off
(14:46 / Allies) Chopstix: result.... sucess
(14:59 / Allies) iggy_the_fisk: god i hate this lucky orc
(15:27 / Allies) Chopstix: lucky orc lost his town hall
(15:43 / Allies) Chopstix: hitting teal to relive some pressure
(15:52 / Allies) iggy_the_fisk: teal is the worst of the bunch
(18:09 / Allies) Chopstix: after i destroy teal i get those catapult
(18:13 / Allies) Chopstix: actually
(18:15 / Allies) Chopstix: i get now
(18:24 / Allies) Chopstix: now ait air
(19:17 / Allies) Chopstix: where are the bats
(19:46 / Allies) iggy_the_fisk: lum
(19:53 / Allies) Chopstix: supposed to hit base with bats....
(19:59 / Allies) VELOX_NEB: o right
(20:04 / Allies) VELOX_NEB: live and learn
(20:11 / Allies) VELOX_NEB: more bats otw
(20:22 / Allies) Chopstix: poly coming to save orc base
(21:56 / Allies) Chopstix: we can always mountaineer
(22:02 / Allies) iggy_the_fisk: not yet
(22:06 / Allies) iggy_the_fisk: well you can get them
(22:07 / Allies) iggy_the_fisk: that's good
(22:18 / Allies) Chopstix: hard creep though
(22:20 / Allies) Chopstix: will need help
(22:25 / Allies) iggy_the_fisk: tower
(22:47 / Allies) Chopstix: lets mountaineer
(22:52 / Allies) Chopstix: aka highperch the gold mines
(23:03 / Allies) iggy_the_fisk: we need more gold here
(23:05 / Allies) iggy_the_fisk: go secure an island
(23:09 / Allies) Chopstix: ya
(23:12 / Allies) Chopstix: im going to try to secure
(23:14 / Allies) Chopstix: hold them off
(23:21 / Allies) Chopstix: creep really hard though
(23:27 / Allies) iggy_the_fisk: to wer
(23:37 / Allies) Chopstix: im goign there first
(23:39 / Allies) iggy_the_fisk: to wer
(23:41 / Allies) Chopstix: since they are not hurting it
(24:29 / Allies) Chopstix: clear out goblin shops
(24:44 / Allies) iggy_the_fisk: velox go help my expo
(24:49 / Allies) iggy_the_fisk: oh wai
(25:45 / Allies) Chopstix: help me take this
(25:49 / Allies) iggy_the_fisk: tower it
(25:52 / Allies) iggy_the_fisk: christ
(25:57 / Allies) iggy_the_fisk: tower right edge
(25:58 / Allies) iggy_the_fisk: np
(26:17 / Allies) Chopstix: YOU CAN NOT WLAK THERE
(26:27 / Allies) VELOX_NEB: hah
(27:26 / Allies) Chopstix: get that expo
(27:58 / Allies) Chopstix: get staff of teleport
(27:59 / Allies) Chopstix: NOW
(28:37 / Allies) Chopstix: we are going to highperch
(28:43 / Allies) Chopstix: but you need to buy staffs
(29:10 / Allies) iggy_the_fisk: gold
(29:41 / Allies) Chopstix: lumber now
(30:04 / Allies) Chopstix: help me take this
(30:12 / Allies) Chopstix: get lumber
(30:44 / Allies) Chopstix: ready?
(30:49 / Allies) VELOX_NEB: y
(31:02 / Allies) Chopstix: not ready i guess
(31:39 / Allies) Chopstix: you can take it
(32:09 / Allies) Chopstix: get tehre
(32:11 / Allies) Chopstix: i need lumber
(32:34 / Allies) Chopstix: you take it
(33:07 / All) Chopstix: GG
(33:19 / Allies) iggy_the_fisk: we're still defending the ground
(33:21 / Allies) iggy_the_fisk: to delay them
(33:25 / Allies) Chopstix: i know its a throw
(33:52 / Allies) Chopstix: dont use bats on this
(33:54 / Allies) Chopstix: use bats on expansions
(33:56 / Allies) Chopstix: make them lose money
(34:06 / Allies) VELOX_NEB: K
(34:33 / Allies) Chopstix: WELL SAVE IT
(34:35 / Allies) Chopstix: TELEPORT HEROI
(34:37 / Allies) Chopstix: DO SOMETHING
(36:03 / Allies) iggy_the_fisk: will need to move bats up right about now
(36:05 / Allies) iggy_the_fisk: wyrms acomin
(36:20 / Allies) Chopstix: you guys need to save bats
(36:21 / Allies) Chopstix: aa
(36:22 / Allies) Chopstix: need to save AA
(36:25 / Allies) VELOX_NEB: WOOD?
(36:30 / Allies) Chopstix: low myself making towers
(36:54 / Allies) iggy_the_fisk: gold
(37:11 / Allies) Chopstix: need to buy teleport spotters
(37:59 / Allies) Chopstix: save up AA
(39:08 / Allies) Chopstix: save all AA
(39:29 / Allies) Chopstix: make beastary
(39:30 / Allies) Chopstix: right now
(39:33 / Allies) Chopstix: before town hall gone
(39:42 / Allies) VELOX_NEB: WOOD
(39:47 / Allies) VELOX_NEB: for 2 please
(39:47 / Allies) Chopstix: everything
(40:48 / Allies) Chopstix: start towering like this is highperch
(40:48 / Allies) iggy_the_fisk: blood mage has my tp hrm :)
(40:49 / Allies) Chopstix: and make AA
(40:58 / Allies) Chopstix: harass with BM
(41:00 / Allies) iggy_the_fisk: get me a tp
(41:01 / Allies) iggy_the_fisk: blademaster
(41:02 / Allies) iggy_the_fisk: fuck that
(41:03 / Allies) iggy_the_fisk: gimem atp
(41:35 / Allies) iggy_the_fisk: aww
(41:40 / Allies) iggy_the_fisk: come on let me get bm
(41:44 / Allies) iggy_the_fisk: aaw such meanies
(42:02 / Allies) iggy_the_fisk: welp tech to t3 asap velox :)
(42:15 / Allies) Chopstix: i still have my tech three so buy tp now if you want
(42:23 / Allies) iggy_the_fisk: tp is too late
(42:26 / Allies) iggy_the_fisk: now i need pocket hall
(42:37 / Allies) iggy_the_fisk: give velox lum
(42:38 / Allies) iggy_the_fisk: for tech
(42:54 / All) Chopstix: GG
(42:59 / All) Wkh_PorN)StaR(: Gg
(43:02 / Allies) iggy_the_fisk: mak shop up here
(43:04 / Allies) iggy_the_fisk: and tech to t3
(43:10 / Allies) iggy_the_fisk: i got the bats
(43:10 / Allies) Chopstix: me or orc
(43:14 / Allies) iggy_the_fisk: nothing else to do for a while
(43:16 / All) Party.ComesEast: Clan Wkh
(43:33 / Allies) Chopstix: i bought critters
(43:36 / Allies) Chopstix: scatterd all over map
(43:40 / Allies) Chopstix: teleport with staff to harass
(44:00 / Allies) iggy_the_fisk: take the zep down and get cranking blademaster
(44:00 / Allies) VELOX_NEB: nothing down there to tele to
(44:25 / Allies) VELOX_NEB: gotcha
(44:29 / Allies) Chopstix: hard to spot :)
(44:39 / Allies) Chopstix: teleport in, wait for cooldown, then harass
(44:44 / Allies) iggy_the_fisk: bot revealed
(44:45 / Allies) iggy_the_fisk: toweer
(44:45 / Allies) Chopstix: scanned
(45:01 / Allies) iggy_the_fisk: kill peons get lvls
(45:33 / Allies) VELOX_NEB: wood please
(45:36 / Allies) Chopstix: god damn forgot to research sight on tower
(45:56 / Allies) iggy_the_fisk: umf
(45:58 / Allies) iggy_the_fisk: cancelled t3
(46:45 / Allies) Chopstix: they are creeping
(46:56 / Allies) Chopstix: remember use fountains
(48:05 / Allies) iggy_the_fisk: nuked a zep
(48:37 / Allies) VELOX_NEB: wood?
(49:45 / Allies) VELOX_NEB: bring bats
(50:38 / Allies) Chopstix: running out of lumber top
(50:46 / Allies) Chopstix: need someone to do covert mission to send shredder to bottom
(50:47 / Allies) iggy_the_fisk: i'll get it downstairs for you
(50:52 / Allies) VELOX_NEB: got some on the bottom
(51:00 / Allies) iggy_the_fisk: where's zep
(51:14 / Allies) iggy_the_fisk: all three down below what is this
(51:23 / Allies) iggy_the_fisk: goodie
(51:58 / Allies) Chopstix: do gloves of haste stack
(52:02 / Allies) iggy_the_fisk: yes
(52:05 / Allies) VELOX_NEB: yep
(52:07 / Allies) Chopstix: alchemist have two
(52:27 / Allies) VELOX_NEB: that's a problem
(52:31 / Allies) VELOX_NEB: no interrupts
(52:36 / Allies) Chopstix: yeah thats i build it at bottom
(52:38 / Allies) Chopstix: i mean insid emore
(52:49 / Allies) VELOX_NEB: back
(52:55 / Allies) Chopstix: WHAT
(52:58 / All) Chopstix: SEND IT BELOW
(53:00 / Allies) iggy_the_fisk: he's fine
(53:03 / Allies) iggy_the_fisk: make peons there
(53:06 / Allies) iggy_the_fisk: we'll run out anyway
(53:09 / Allies) Chopstix: im at 12/50 food
(53:12 / Allies) VELOX_NEB: wood for bats please
(53:18 / Allies) Chopstix: no wood
(53:21 / Allies) Chopstix: need shredder
(53:34 / Allies) iggy_the_fisk: chop it
(53:35 / Allies) Chopstix: send the shredder to south base
(53:37 / Allies) iggy_the_fisk: this shredder is on a roll
(54:31 / Allies) Chopstix: they are killing critters
(54:37 / Allies) iggy_the_fisk: whatever
(56:03 / All) Chopstix: ALLY AT END PLS
(56:19 / Allies) Chopstix: should i make dhawks
(56:23 / Allies) Chopstix: or towers
(56:23 / Allies) iggy_the_fisk: yea
(56:33 / Allies) VELOX_NEB: dhawks
(56:36 / Allies) VELOX_NEB: strictly defense
(56:46 / Allies) VELOX_NEB: bats are up top
(56:48 / Allies) iggy_the_fisk: we don't own the third island it ruins it for me
(56:57 / Allies) VELOX_NEB: does anyone?
(57:04 / Allies) iggy_the_fisk: maybe ud
(57:06 / Allies) Chopstix: its clear
(57:07 / Allies) Chopstix: lets take it
(57:16 / Allies) Chopstix: i have morts
(57:18 / Allies) Chopstix: use morts
(58:53 / Allies) Chopstix: going to suoth base
(58:55 / Allies) Chopstix: with tiny hall
(59:02 / Allies) iggy_the_fisk: give it to me then
(59:06 / Allies) iggy_the_fisk: comin down
(60:03 / Allies) Chopstix: NO BATS
(60:04 / Allies) Chopstix: STOP
(60:04 / Allies) Chopstix: WTF
(60:11 / Allies) Chopstix: fucking christ
(60:45 / Allies) Chopstix: wheres my shredder
(60:51 / Allies) iggy_the_fisk: choppin lum
(61:31 / Allies) VELOX_NEB: they got one huh
(62:12 / Allies) iggy_the_fisk: did someone have a tiny hall
(62:17 / Allies) Chopstix: my bloodmage
(63:41 / Allies) Chopstix: stupid priest get to healing
(63:49 / Allies) Chopstix: 8k gold what should id o with it
(63:50 / Allies) Chopstix: make dhawks?
(64:00 / Allies) iggy_the_fisk: bloodmage is where
(64:02 / Allies) Chopstix: archmage still alive?
(64:08 / Allies) Chopstix: hes there
(64:11 / Allies) iggy_the_fisk: he's comin back
(64:16 / Allies) Chopstix: i have a plan
(64:20 / Allies) Chopstix: we can use a tiny hall down south
(64:22 / Allies) Chopstix: teleport in
(64:31 / Allies) Chopstix: and beat thier teleporting army
(64:35 / Allies) Chopstix: all or nothing
(64:44 / Allies) VELOX_NEB: oog
(64:52 / Allies) VELOX_NEB: 10800 in my coffers
(65:04 / Allies) Chopstix: why
(65:06 / Allies) iggy_the_fisk: all or nothing sounds like exactly what they would choose
(65:11 / Allies) Chopstix: right
(65:13 / Allies) iggy_the_fisk: 2 heroes
(65:13 / Allies) VELOX_NEB: yeah let's not
(65:32 / Allies) Chopstix: frog still alive
(65:36 / Allies) Chopstix: start making critters pls
(65:38 / Allies) Chopstix: for teleport
(65:40 / Allies) iggy_the_fisk: wrms
(65:43 / Allies) iggy_the_fisk: meh zeps
(66:15 / Allies) iggy_the_fisk: 200 lum plix
(66:19 / Allies) iggy_the_fisk: and i'll have my trihero back
(66:42 / Allies) Chopstix: they are all near south
(67:18 / Allies) Chopstix: damn
(67:21 / Allies) Chopstix: bloodmage is so close to 5
(67:27 / Allies) Chopstix: can do suicide phenox attacks at bases
(67:34 / Allies) iggy_the_fisk: phoenix gives exo
(67:45 / Allies) Chopstix: still good AA
(68:08 / Allies) iggy_the_fisk: gold for lum
(68:18 / Allies) iggy_the_fisk: other way around
(68:20 / Allies) iggy_the_fisk: ahgem
(68:33 / Allies) iggy_the_fisk: 600 gold
(69:30 / Allies) Chopstix: got phenox
(69:35 / Allies) Chopstix: working on tmute now
(69:35 / Allies) VELOX_NEB: sweet
(69:44 / Allies) Chopstix: now lets get that AM for mana regen
(70:04 / Allies) VELOX_NEB: no aa down there huh
(70:13 / Allies) iggy_the_fisk: dhawks will fix their little wagon
(70:27 / Allies) Chopstix: teleport bm asap
(70:30 / Allies) Chopstix: and use phenix as aa
(70:37 / Allies) VELOX_NEB: bm below
(70:44 / Allies) Chopstix: should i jsut kill morts
(70:59 / Allies) Chopstix: coming south with aa
(71:07 / Allies) Chopstix: let them attack
(71:16 / Allies) VELOX_NEB: leave bats up top?
(71:21 / Allies) Chopstix: yes divide
(71:38 / Allies) iggy_the_fisk: patrolling weak spellcasters
(71:40 / Allies) iggy_the_fisk: kill that shit
(71:41 / Allies) iggy_the_fisk: oh
(71:43 / Allies) iggy_the_fisk: a lil more
(71:44 / Allies) iggy_the_fisk: but still!
(72:17 / Allies) Chopstix: lets ninja that farseerer
(72:22 / Allies) Chopstix: teleport into my alchemist
(72:39 / Allies) Chopstix: i mean when iw as attakcing him now
(72:40 / Allies) Chopstix: seperate
(73:48 / Allies) Chopstix: should i kill morts
(73:51 / Allies) Chopstix: to stay in low upkeep
(73:57 / Allies) iggy_the_fisk: why are you mining
(74:02 / Allies) Chopstix: no
(74:04 / Allies) Chopstix: but tmute later
(74:09 / Allies) iggy_the_fisk: way later
(74:42 / Allies) Chopstix: omg
(74:43 / Allies) Chopstix: dead
(74:50 / Allies) Chopstix: 2500 lumber anyways
(75:01 / Allies) VELOX_NEB: phht
(75:02 / Allies) iggy_the_fisk: oh dear god how did i die i am the worst
(75:07 / Allies) VELOX_NEB: i'm bringing some bats down
(75:33 / Allies) Chopstix: top will be our bastion
(75:39 / Allies) Chopstix: DONT WASTE MONEY ON REPAIR
(75:53 / Allies) Chopstix: where is your archmage?
(75:54 / Allies) Chopstix: i need mana
(75:57 / Allies) VELOX_NEB: dead
(76:01 / Allies) Chopstix: make it
(76:03 / Allies) iggy_the_fisk: stafflatency T_T
(76:06 / Allies) iggy_the_fisk: 50%
(76:22 / Allies) Chopstix: phenix could go top
(76:41 / Allies) iggy_the_fisk: just need to focus a wyrm
(76:56 / Allies) Chopstix: is archmage ressing
(76:59 / Allies) Chopstix: illl give money
(77:01 / Allies) Chopstix: i need dat mana
(77:16 / Allies) iggy_the_fisk: two of them red
(77:18 / Allies) Chopstix: south base is not priority too
(77:19 / Allies) iggy_the_fisk: ie one of them could be dead
(78:04 / Allies) Chopstix: need to destroy base
(78:06 / Allies) Chopstix: they still have funds
(78:29 / Allies) VELOX_NEB: i think there
(78:30 / Allies) Chopstix: they give exp
(78:45 / Allies) Chopstix: blade master needs to hit cata if he can
(79:05 / Allies) VELOX_NEB: doubtful
(79:08 / Allies) VELOX_NEB: fs has a posse
(79:37 / Allies) Chopstix: ok no more bunching up
(79:45 / Allies) iggy_the_fisk: what we did awesome
(79:58 / Allies) Chopstix: wyrm
(80:07 / Allies) Chopstix: NO
(80:08 / Allies) Chopstix: DHAWK
(80:11 / Allies) Chopstix: bACKJ BATS
(80:13 / Allies) Chopstix: WTF
(80:20 / Allies) Chopstix: wow fucking stupid
(80:22 / Allies) VELOX_NEB: wood please
(80:29 / Allies) VELOX_NEB: got most of them
(80:33 / Allies) Chopstix: i have dhawks
(80:36 / Allies) Chopstix: they were over base
(80:39 / Allies) Chopstix: we wouldve gotten all of them
(80:48 / Allies) iggy_the_fisk: well none that time but anyway
(80:53 / Allies) iggy_the_fisk: be more careful with da bats
(81:09 / Allies) iggy_the_fisk: 100 gold plix
(81:28 / Allies) iggy_the_fisk: oh 100 more sorry
(81:31 / Allies) Chopstix: i will kill wyrmn with dhawk
(81:40 / Allies) VELOX_NEB: kk
(81:46 / Allies) VELOX_NEB: sending group of bats to south
(81:50 / Allies) Chopstix: almost 6
(81:57 / Allies) Chopstix: making dhawks
(82:03 / Allies) Chopstix: use half for south half for north
(82:45 / Allies) VELOX_NEB: here
(82:47 / Allies) VELOX_NEB: alc
(83:21 / Allies) Chopstix: we can take him
(84:23 / Allies) iggy_the_fisk: ok i got those bats
(84:26 / Allies) VELOX_NEB: k
(84:35 / Allies) Chopstix: sending second dhawks south
(84:48 / Allies) Chopstix: wait
(84:53 / Allies) Chopstix: can tri hero heal my alchemist
(84:59 / Allies) iggy_the_fisk: yes
(85:05 / Allies) Chopstix: jsut tell me when you are ready
(85:12 / Allies) iggy_the_fisk: wyrms gfone
(85:20 / Allies) Chopstix: ugh
(85:25 / Allies) Chopstix: alchmeist close to 6
(85:33 / Allies) Chopstix: teleporting into you
(85:39 / Allies) iggy_the_fisk: ninjamining this
(85:58 / Allies) Chopstix: iout
(86:28 / Allies) VELOX_NEB: sorry fisk
(86:39 / Allies) iggy_the_fisk: bad stafforder from me
(86:40 / Allies) Chopstix: stay seperated make em waste tp
(86:41 / Allies) VELOX_NEB: i don't like touching other people's heroes
(86:53 / Allies) Chopstix: alchemist could use mana
(87:19 / Allies) Chopstix: nice three staff sanc
(87:34 / Allies) iggy_the_fisk: i just messed up and staffed with pala first
(87:38 / Allies) Chopstix: gimme dat sweet sweet mana
(87:51 / Allies) Chopstix: sweet thanks
(88:01 / Allies) iggy_the_fisk: go
(88:15 / Allies) Chopstix: scatter
(88:15 / All) iggy_the_fisk: 2ez
(88:41 / Allies) iggy_the_fisk: l3 holy light
(89:13 / Allies) iggy_the_fisk: man 2700 gold to go in this one
(89:15 / Allies) VELOX_NEB: think we're ready for offensive bats?
(89:15 / Allies) iggy_the_fisk: 30 gold per trip
(89:17 / Allies) iggy_the_fisk: gonna take a while
(89:32 / Allies) Chopstix: so close to 6
(90:07 / Allies) Chopstix: alchemist healing
(90:15 / Allies) iggy_the_fisk: i hit heal?
(90:22 / Allies) Chopstix: get him get himn!!!!!!!gogogogogo
(90:26 / Allies) Chopstix: you got it dawg
(90:27 / All) Chopstix: DAWG
(90:37 / All) Chopstix: OWNT
(91:03 / Allies) iggy_the_fisk: 100 gold
(91:03 / Allies) Chopstix: rofl nice
(91:09 / Allies) iggy_the_fisk: srsly i hit heal that was gay as fuck
(91:14 / Allies) iggy_the_fisk: heal in good time too
(91:44 / Allies) VELOX_NEB: i'm taking the bats for a walk
(91:45 / Allies) VELOX_NEB: er
(91:47 / Allies) VELOX_NEB: yeah
(91:49 / Allies) Chopstix: 18 expfor level
(91:55 / Allies) iggy_the_fisk: you can kill their island
(92:00 / Allies) iggy_the_fisk: or spellcasters
(92:05 / Allies) Chopstix: want mist on dhawk?
(92:31 / Allies) Chopstix: tmute
(92:39 / Allies) Chopstix: ill stay in low
(92:47 / Allies) Chopstix: tmuting faggot yellow
(93:26 / Allies) iggy_the_fisk: oh screw it
(93:33 / Allies) Chopstix: scout it first
(93:51 / Allies) Chopstix: lots of towers
(94:00 / Allies) VELOX_NEB: cloud
(94:06 / Allies) Chopstix: too many tower spread out
(94:09 / Allies) Chopstix: no
(94:10 / Allies) Chopstix: the mine
(94:10 / Allies) iggy_the_fisk: you go have fun on the bottom
(94:11 / Allies) Chopstix: is gone
(94:12 / Allies) Chopstix: the mine is gone
(94:14 / Allies) Chopstix: no point
(94:15 / Allies) VELOX_NEB: yeah
(94:41 / Allies) Chopstix: tell me if you see army ill tmute
(94:43 / All) iggy_the_fisk: so how u doin...
(94:53 / Allies) VELOX_NEB: don't tell me
(94:57 / Allies) VELOX_NEB: i have to kick his ass again
(95:21 / Allies) Chopstix: got wyurm tmute
(96:00 / Allies) iggy_the_fisk: gonna steal me a wand of lightning shield...
(96:14 / Allies) Chopstix: wind riders dead
(96:19 / Allies) iggy_the_fisk: yes they lost 20 minutes ago
(96:21 / Allies) iggy_the_fisk: mayb 30
(96:22 / Allies) Chopstix: haha
(97:35 / All) iggy_the_fisk: U enjoying ur game=
(97:41 / Allies) VELOX_NEB: wood please?
(97:44 / All) iggy_the_fisk: play your best... get the win...
(98:10 / All) Chopstix: how does it taste?
(98:18 / All) Chopstix: im just wondering
(98:25 / Allies) Chopstix: ne hero watch it
(98:27 / Allies) VELOX_NEB:
(98:49 / Allies) Chopstix: tmute transport lawl
(99:11 / Allies) Chopstix: bloodmage can feed mana if you need
(99:14 / Allies) iggy_the_fisk: what a dick!
(99:15 / Allies) Chopstix: priest can heal
(99:24 / Allies) iggy_the_fisk: my fantabulous expansion
(99:30 / Allies) Chopstix: where are my transports?
(99:39 / Allies) iggy_the_fisk: may or may not all be dead
(99:43 / Allies) Chopstix: one left
(99:47 / Allies) Chopstix: dont let it die this time bum
(99:48 / Allies) iggy_the_fisk: damn
(99:53 / Allies) iggy_the_fisk: why didn't i get that one killed
(99:56 / Allies) Chopstix: haha
(100:03 / All) iggy_the_fisk: damn... gg...
(100:07 / All) iggy_the_fisk: desperately needed that gold...
(100:47 / All) Chopstix: boy them taxes didnt help you did it
(100:59 / All) iggy_the_fisk: like what u see come visit clan wkh
(101:19 / Allies) iggy_the_fisk: okay once again
(101:25 / Allies) iggy_the_fisk: i. staffed. him.
(101:29 / Allies) Chopstix: haha
(101:40 / Allies) iggy_the_fisk: my staff order was perfect
(101:43 / All) Chopstix: im in ur base
(101:45 / All) Chopstix: destroying your base
(101:58 / Allies) iggy_the_fisk: i want a lil round with the dk
(102:01 / All) Chopstix: if you only upgraded spiked barricades my alchemist would be defeated
(102:16 / All) iggy_the_fisk: clan wkh for tryouts...
(102:30 / Allies) Chopstix: wrong way sir
(103:02 / Allies) Chopstix: oohh creep
(103:10 / Allies) iggy_the_fisk: best item too
(103:19 / Allies) VELOX_NEB: stupid bats
(103:24 / Allies) iggy_the_fisk: now i have the vanilla cookies
(103:28 / Allies) Chopstix: should it rade a glove for a orb of lightning
(103:37 / Allies) iggy_the_fisk: you should give it to me
(103:43 / Allies) Chopstix: not
(103:49 / Allies) VELOX_NEB: ouch
(103:51 / Allies) VELOX_NEB: spikes
(104:59 / Allies) iggy_the_fisk: yeah that's right
(105:08 / Allies) Chopstix: rofl he actually upgrade spiked barricde
(105:17 / All) Chopstix: LET THE POSION GET YA
(105:18 / Allies) VELOX_NEB: it's helpful
(105:22 / Allies) VELOX_NEB: mostly in 1v1
(105:23 / Allies) VELOX_NEB: but
(105:31 / Allies) VELOX_NEB: fucking awesome
(105:33 / Allies) VELOX_NEB: it finished
(106:21 / Allies) iggy_the_fisk: resing
(106:23 / Allies) iggy_the_fisk: denied
(106:48 / Allies) Chopstix: you can blizzard that
(107:01 / Allies) Chopstix: :*( i want some exp
(107:13 / Allies) Chopstix: rofl
(107:44 / All) Chopstix: as a child in the streets
(107:50 / All) Chopstix: i had to transmute stuff to survive
(107:57 / All) Chopstix: im not proud of it but I had to survive
(109:04 / Allies) Chopstix: fuck you doing with my transport
(109:11 / Allies) iggy_the_fisk: that
(109:24 / Allies) Chopstix: you can just run up here and use the transport
(109:44 / Allies) iggy_the_fisk: ...what
(109:45 / Allies) iggy_the_fisk: anyway
(110:56 / Allies) Chopstix: ring of regen
(111:02 / Allies) iggy_the_fisk: ooh
(111:19 / Allies) Chopstix: hahah noob
(112:13 / Allies) VELOX_NEB: they're perching
(112:14 / Allies) iggy_the_fisk: they are gathering to make a stand
(112:15 / Allies) VELOX_NEB: i bet
(112:23 / Allies) Chopstix: researching fog
(112:49 / All) Chopstix: you have a pretty awesome base layout man
(114:22 / Allies) Chopstix: ill just tmute the army
(114:35 / Allies) VELOX_NEB: wood please
(115:36 / Allies) VELOX_NEB: now
(115:42 / All) Chopstix: I CHALLENGE THE DEMON HUNTER TO A DUAL
(116:25 / Allies) VELOX_NEB: heh
(116:33 / Allies) Chopstix: get anything?
(116:37 / Allies) VELOX_NEB: no
(116:41 / Allies) VELOX_NEB: fs almost
(116:50 / Allies) VELOX_NEB: didn't lose anything
(116:52 / All) Chopstix: i dont get why you wouldnt just attack our base
(116:54 / Allies) iggy_the_fisk: 350 gold
(116:54 / Allies) VELOX_NEB: is the importantpart
(116:57 / Allies) Chopstix: what is this map called again?
(117:02 / Allies) iggy_the_fisk: sunrock cove
(117:22 / Allies) VELOX_NEB: where is the am?
(118:10 / Allies) Chopstix: attack, mvoe out of range, revive, attack
(118:29 / Allies) VELOX_NEB: wait
(118:35 / Allies) VELOX_NEB: let me tele to the egg
(119:27 / Allies) Chopstix: lmao why is that store damaged so bad but not the towers
(119:47 / Allies) Chopstix: jerk
(119:50 / Allies) Chopstix: leading to my bloodmage
(119:52 / Allies) iggy_the_fisk: go kill em
(120:28 / Allies) Chopstix: nice staff useage
(120:28 / Allies) iggy_the_fisk: haha man and i wanted to be the fanciest
(120:37 / Allies) iggy_the_fisk: cooldown
(120:40 / Allies) iggy_the_fisk: he had staffed the bm
(121:31 / All) Chopstix: and he teleports to a far far place,
(121:52 / All) Chopstix: GG? no
(122:39 / Allies) VELOX_NEB: hmm
(122:54 / Allies) VELOX_NEB: we have enough to tech to melee?
(122:57 / Allies) Chopstix: na
(122:59 / Allies) Chopstix: tmuting army
(123:03 / Allies) VELOX_NEB: cause that would really blow their fucking minds
(123:04 / Allies) iggy_the_fisk: we're not fighting them straight up
(123:40 / All) Chopstix: no really, you still have a chance
(124:25 / All) iggy_the_fisk: OH GOD
(124:46 / All) Chopstix: this is better ending than last show of price is right with barker
(125:50 / All) Chopstix: how could you losE?
(125:55 / All) iggy_the_fisk: you are so good
(125:58 / All) iggy_the_fisk: clan wkh...
(126:01 / All) iggy_the_fisk: how could it fail
(126:49 / Allies) iggy_the_fisk: split em up
(126:52 / Allies) iggy_the_fisk: the hawks
(127:18 / All) iggy_the_fisk: we are pretty angry now...
(127:22 / All) iggy_the_fisk: damn bm hider Fucking gay
(127:23 / All) iggy_the_fisk: faget
(127:26 / All) Chopstix: no really you still have a chance
(127:29 / All) iggy_the_fisk: ruining our night